[Event "98th Caplin Hastings Masters 2024-25"]
[Site "Hastings"]
[Date "2024.12.29"]
[Round "2.20"]
[White "Ashton, Alannah"]
[Black "Brewer, Callum D"]
[Result "0-1"]
[ECO "B12"]
[WhiteElo "1953"]
[BlackElo "2151"]
[Annotator "RC"]
[PlyCount "138"]
[EventDate "2024.12.23"]
[EventType "swiss"]
[EventCountry "ENG"]
[SourceTitle "playchess.com"]
[Source "ChessBase"]
[SourceQuality "1"]
[TimeControl "5400+30"]

1. e4 c6 2. d4 d5 3. e5 Bf5 4. h4 a6 5. g4 Bd7 6. f4 h5 7. f5 e6 8. fxe6 Bxe6 9. g5 Ne7 10. Bh3 Nf5 11. Qd3 g6 12. Ne2 c5 13. c3 Nc6 14. Nf4 cxd4 15. Nxe6 fxe6 16. Bxf5 exf5 17. cxd4 Qb6 18. Nc3 Qxd4 19. Qxd4 Nxd4 20. Nxd5 O-O-O 21. Nf4 Nf3+ 22. Ke2 Nxe5 23. Be3 Bd6 24. Rac1+ Kb8 25. Rhd1 Rhe8 26. Nd5 Ng4 27. Kf3 Nxe3 28. Nxe3 Be5 29. b3 Bd4 30. Nc2 Bb6 31. Rxd8+ Rxd8 32. Ne1 Rd4 33. Rc4 Rxc4 34. bxc4 Bc7 35. Nd3 b6 36. c5 b5 37. Nb4 Kb7 38. Nd5 Kc6 39. Ne7+ Kxc5 40. Nxg6 Kd5 41. Ne7+ Ke6 42. Nc6 Be5 43. Nb4 a5 44. Nd3 Bd6 45. Nb2 a4 46. Ke3 Bg3 47. Nd3 Bxh4 48. Kf4 b4 49. Nxb4 Be1 50. Nd3 Bd2+ 51. Kf3 a3 52. Kg2 Bxg5 53. Ne1 Kd5 54. Nc2 Bc1 55. Kh3 Kc4 56. Kh4 f4 57. Ne1 Kc3 58. Kxh5 Bd2 59. Nf3 Be3 60. Kg4 Kb2 61. Ne5 Kxa2 62. Nc4 Kb3 63. Nxa3 Kxa3 64. Kf3 Kb3 65. Ke2 Kc3 66. Kd1 Kd3 67. Ke1 f3 68. Kd1 Bc5 69. Ke1 f2+ 0-1

[Event "98th Caplin Hastings Masters 2024-25"]
[Site "Hastings"]
[Date "2024.12.29"]
[Round "2.21"]
[White "Bin-Suhayl, Ieysaa"]
[Black "Norinkeviciute, Rasa"]
[Result "1-0"]
[ECO "A46"]
[WhiteElo "2183"]
[BlackElo "1952"]
[Annotator "RC"]
[PlyCount "77"]
[EventDate "2024.12.23"]
[EventType "swiss"]
[EventCountry "ENG"]
[SourceTitle "playchess.com"]
[Source "ChessBase"]
[SourceQuality "1"]
[TimeControl "5400+30"]

1. d4 Nf6 2. Nf3 e6 3. g3 b6 4. Bg2 Bb7 5. O-O d6 6. c4 Nbd7 7. Nc3 e5 8. d5 Be7 9. e4 O-O 10. Ne1 Ne8 11. Nd3 g6 12. Bh6 Ng7 13. Qd2 f5 14. Rae1 Nc5 15. Nxc5 bxc5 16. f4 Bf6 17. exf5 gxf5 18. fxe5 Bxe5 19. Rxe5 dxe5 20. Na4 Rb8 21. Nxc5 Bc8 22. Nd3 Qf6 23. Bg5 Qa6 24. b3 Re8 25. Be3 Nh5 26. g4 fxg4 27. Be4 Nf6 28. Qf2 Kg7 29. Nc5 Qd6 30. Qh4 Nxe4 31. Rf7+ Kxf7 32. Qxh7+ Kf8 33. Bh6+ Qxh6 34. Qxh6+ Kf7 35. Nxe4 Rb6 36. Qh7+ Kf8 37. Ng5 Rf6 38. Qh8+ Ke7 39. Qg7+ 1-0

[Event "98th Caplin Hastings Masters 2024-25"]
[Site "Hastings"]
[Date "2024.12.29"]
[Round "2.22"]
[White "Samarasinghe Jude, Ranga"]
[Black "Kolani, Arjun"]
[Result "1-0"]
[ECO "D00"]
[WhiteElo "1944"]
[BlackElo "2131"]
[Annotator "RC"]
[PlyCount "93"]
[EventDate "2024.12.23"]
[EventType "swiss"]
[EventCountry "ENG"]
[SourceTitle "playchess.com"]
[Source "ChessBase"]
[SourceQuality "1"]
[TimeControl "5400+30"]

1. d4 Nf6 2. e3 d5 3. f4 c5 4. c3 Nc6 5. Nf3 Bf5 6. Bd3 Bxd3 7. Qxd3 e6 8. Nbd2 Be7 9. O-O O-O 10. Ne5 Nd7 11. Rf3 Ndxe5 12. fxe5 f6 13. Rh3 g6 14. exf6 Bxf6 15. dxc5 Qe7 16. Nb3 Ne5 17. Qe2 Nd7 18. e4 Nxc5 19. Bh6 Rfe8 20. exd5 Nxb3 21. axb3 Qc5+ 22. Qe3 Qxd5 23. Rf3 Be7 24. c4 Qc5 25. Raf1 Qxe3+ 26. Bxe3 Rf8 27. Rxf8+ Bxf8 28. Rd1 Bg7 29. Rd7 b6 30. Bd4 Bxd4+ 31. Rxd4 Rf8 32. Rd6 Rf6 33. b4 Kf8 34. Rd8+ Kg7 35. c5 Rf4 36. c6 Rc4 37. b5 Kf6 38. b3 Rc2 39. Rd7 Rc5 40. Rd4 Ke5 41. Rc4 Kd6 42. Kf2 Kc7 43. Rxc5 bxc5 44. Ke3 Kb6 45. Ke4 a6 46. Ke5 Kc7 47. bxa6 1-0

[Event "98th Caplin Hastings Masters 2024-25"]
[Site "Hastings"]
[Date "2024.12.29"]
[Round "2.23"]
[White "Briem, Benedikt"]
[Black "Mikalajunas, Kajus"]
[Result "1/2-1/2"]
[ECO "D20"]
[WhiteElo "2132"]
[BlackElo "1941"]
[Annotator "RC"]
[PlyCount "99"]
[EventDate "2024.12.23"]
[EventType "swiss"]
[EventCountry "ENG"]
[SourceTitle "playchess.com"]
[Source "ChessBase"]
[SourceQuality "1"]
[TimeControl "5400+30"]

1. d4 d5 2. c4 dxc4 3. e3 e5 4. Bxc4 exd4 5. exd4 Bd6 6. Nf3 Nf6 7. Qe2+ Be7 8. O-O O-O 9. h3 Nc6 10. Nc3 Nxd4 11. Nxd4 Qxd4 12. Nb5 Qc5 13. b3 Bd6 14. Ba3 Qb6 15. Nxd6 cxd6 16. Qe7 Bf5 17. Bxd6 Rae8 18. Qc7 Qxc7 19. Bxc7 Rc8 20. Be5 Ne4 21. Rfd1 Rfd8 22. Bd4 a6 23. g4 Ng5 24. Be3 Nf3+ 25. Kg2 Be4 26. Kg3 Ne5 27. Be2 Bc6 28. Rxd8+ Rxd8 29. Rc1 Re8 30. h4 Re6 31. a4 Kf8 32. h5 h6 33. Ra1 Bd5 34. Rc1 Bxb3 35. Rc8+ Ke7 36. Rc7+ Ke8 37. a5 Bd5 38. Rc8+ Ke7 39. Rg8 g5 40. hxg6 Rxg6 41. Rxg6 fxg6 42. Bxh6 Nc4 43. Bg5+ Kd7 44. Bd3 Bf7 45. Kf4 Nxa5 46. Ke5 Be6 47. Be2 Nc6+ 48. Kf6 Ne7 49. Kg7 a5 50. Bb5+ 1/2-1/2

[Event "98th Caplin Hastings Masters 2024-25"]
[Site "Hastings"]
[Date "2024.12.29"]
[Round "2.24"]
[White "Hu, Junyan"]
[Black "Cheng, Louis"]
[Result "1/2-1/2"]
[ECO "B36"]
[WhiteElo "1933"]
[BlackElo "2087"]
[Annotator "NA RC"]
[PlyCount "72"]
[EventDate "2024.12.23"]
[EventType "swiss"]
[EventCountry "ENG"]
[SourceTitle "playchess.com"]
[Source "ChessBase"]
[SourceQuality "1"]
[TimeControl "5400+30"]

1. e4 c5 2. Nf3 g6 3. d4 cxd4 4. Nxd4 Nc6 5. c4 Nf6 6. Nc3 Nxd4 7. Qxd4 d6 8. Be3 Bg7 9. f3 O-O 10. Qd2 Be6 11. Rc1 Qa5 12. Be2 Rfc8 13. b3 a6 14. Na4 Qxd2+ 15. Kxd2 Nd7 16. g4 f5 17. exf5 gxf5 18. Rhf1 Rf8 19. gxf5 Bxf5 20. Rg1 Bg6 21. Nc3 Nf6 22. Bd3 Kf7 23. Bxg6+ hxg6 24. Rg2 Rh8 25. Rcg1 Bh6 26. Rxg6 Bxe3+ 27. Kxe3 Rxh2 28. R6g2 Rah8 29. Rg7+ Ke6 30. Ne2 Kd7 31. Rf7 R8h5 32. Nd4 Rh7 33. Rxh7 Nxh7 34. Ne2 Nf6 35. Nc3 Rc2 36. Kd3 Rf2 1/2-1/2

[Event "98th Caplin Hastings Masters 2024-25"]
[Site "Hastings"]
[Date "2024.12.29"]
[Round "2.25"]
[White "Alcindor, Samuel"]
[Black "Zhang, Junyi"]
[Result "0-1"]
[ECO "B23"]
[WhiteElo "1927"]
[BlackElo "2070"]
[Annotator "NA RC"]
[PlyCount "114"]
[EventDate "2024.12.23"]
[EventType "swiss"]
[EventCountry "ENG"]
[SourceTitle "playchess.com"]
[Source "ChessBase"]
[SourceQuality "1"]
[TimeControl "5400+30"]

1. e4 c5 2. Nc3 Nc6 3. f4 g6 4. Bc4 Bg7 5. Nf3 d6 6. O-O e6 7. f5 exf5 8. d3 Nge7 9. Ng5 Ne5 10. Bb3 O-O 11. Qe1 h6 12. exf5 Nxf5 13. Nge4 Be6 14. Nd5 b5 15. Nf4 Bxb3 16. axb3 d5 17. Ng3 Re8 18. Qa5 Nd4 19. Qd2 Ng4 20. Qd1 Ne5 21. Qd2 c4 22. bxc4 dxc4 23. Ne4 cxd3 24. Nxd3 Nc4 25. Qf2 Rxe4 26. Qxf7+ Kh7 27. Ra6 Qe8 28. Nc5 Qxf7 29. Rxf7 Re1+ 30. Rf1 Ne2+ 31. Kf2 Rxf1+ 32. Kxf1 Nxc1 33. b3 Ne3+ 34. Ke1 Bc3+ 35. Kf2 Nxc2 36. Ne6 Nxb3 37. Rc6 Bd4+ 38. Kf3 Nb4 39. Rc7+ Kh8 40. Kg4 Nd5 41. Rb7 Nc5 42. Nxc5 Bxc5 43. Rxb5 Nf6+ 44. Kf3 Bf8 45. Ra5 Kg7 46. Ra6 Bc5 47. Ra5 Bb6 48. Rb5 Nd7 49. Ke4 a6 50. Rb1 Nf6+ 51. Kd3 Bc5 52. Kc4 Be7 53. Rb7 Rc8+ 54. Kb3 Kf7 55. Ka4 Rc2 56. Ka5 Ra2+ 57. Kb6 Rb2+ 0-1

[Event "98th Caplin Hastings Masters 2024-25"]
[Site "Hastings"]
[Date "2024.12.29"]
[Round "2.26"]
[White "Brown, Thomas"]
[Black "Ahn, Sungmin"]
[Result "1-0"]
[ECO "A46"]
[WhiteElo "2118"]
[BlackElo "1926"]
[Annotator "RC"]
[PlyCount "87"]
[EventDate "2024.12.23"]
[EventType "swiss"]
[EventCountry "ENG"]
[SourceTitle "playchess.com"]
[Source "ChessBase"]
[SourceQuality "1"]
[TimeControl "5400+30"]

1. d4 Nf6 2. Nf3 e6 3. Bf4 c5 4. e3 Nd5 5. Bg3 Qb6 6. Qc1 Nc6 7. c3 Nf6 8. Bd3 d5 9. Nbd2 Bd7 10. O-O Be7 11. dxc5 Qxc5 12. b4 Qb6 13. a4 Rc8 14. Qb2 Qd8 15. Ne5 O-O 16. Nxc6 Bxc6 17. b5 Be8 18. Be5 Ng4 19. Bd4 Qc7 20. g3 Bf6 21. Be2 Bxd4 22. cxd4 Nf6 23. Rfc1 Qd8 24. Rxc8 Qxc8 25. Rc1 Qd8 26. Qb4 Bd7 27. Nf3 Qb8 28. Ne5 Rc8 29. Rc5 b6 30. Rxc8+ Qxc8 31. Qd6 Qc1+ 32. Bf1 Be8 33. Qb8 Qc2 34. Ng4 Kf8 35. Nxf6 gxf6 36. Qxa7 Qd1 37. Qxb6 Qxa4 38. Qd8 Qb3 39. Qb8 Ke7 40. Qc7+ Kf8 41. b6 Qb1 42. b7 Bb5 43. b8=Q+ Kg7 44. Qxb5 1-0

[Event "98th Caplin Hastings Masters 2024-25"]
[Site "Hastings"]
[Date "2024.12.29"]
[Round "2.27"]
[White "Dette, Jan"]
[Black "Jukes, Sam"]
[Result "1-0"]
[ECO "C44"]
[WhiteElo "2102"]
[BlackElo "1911"]
[Annotator "RC"]
[PlyCount "75"]
[EventDate "2024.12.23"]
[EventType "swiss"]
[EventCountry "ENG"]
[SourceTitle "playchess.com"]
[Source "ChessBase"]
[SourceQuality "1"]
[TimeControl "5400+30"]

1. e4 e5 2. Nf3 Nc6 3. d4 exd4 4. Bc4 Nf6 5. e5 d5 6. Bb5 Nd7 7. O-O Be7 8. Bxc6 bxc6 9. Nxd4 Nb8 10. Re1 c5 11. Nb5 c6 12. Nd6+ Bxd6 13. exd6+ Be6 14. Bf4 O-O 15. Nd2 Qf6 16. Be5 Qg6 17. Re3 f6 18. Bg3 Bg4 19. f3 Bf5 20. c4 d4 21. Re7 Bc2 22. Qe2 Bf5 23. Re1 Nd7 24. Nf1 a5 25. Bf4 h5 26. Ng3 Rad8 27. Bd2 Ne5 28. Nxf5 Qxf5 29. f4 Nf7 30. Bxa5 Ra8 31. d7 Nd6 32. Bc7 d3 33. Qf3 d2 34. Rd1 Nxc4 35. b3 Nb2 36. Rxd2 Rxa2 37. d8=Q Ra1+ 38. Kf2 1-0

[Event "98th Caplin Hastings Masters 2024-25"]
[Site "Hastings"]
[Date "2024.12.29"]
[Round "2.28"]
[White "Verbin, Valentina"]
[Black "Sasikumar, Srivathsan"]
[Result "1-0"]
[ECO "B30"]
[WhiteElo "2093"]
[BlackElo "1904"]
[Annotator "NA RC"]
[PlyCount "67"]
[EventDate "2024.12.23"]
[EventType "swiss"]
[EventCountry "ENG"]
[SourceTitle "playchess.com"]
[Source "ChessBase"]
[SourceQuality "1"]
[TimeControl "5400+30"]

1. e4 c5 2. Nf3 Nc6 3. Bb5 e6 4. Bxc6 bxc6 5. b3 d6 6. e5 d5 7. d3 Ne7 8. Nbd2 Ng6 9. Qe2 Nf4 10. Qf1 f6 11. Bb2 Be7 12. h4 Ng6 13. O-O-O Nxe5 14. Nxe5 fxe5 15. Bxe5 Bf6 16. Qe2 a5 17. a4 O-O 18. Nf3 Ba6 19. Qe3 Qe7 20. c4 Qb7 21. Kc2 Bxe5 22. Nxe5 Rab8 23. Rb1 d4 24. Qe1 Qc7 25. Rf1 Rb4 26. f4 Rfb8 27. Qe4 R4b6 28. Nf3 h6 29. Qxe6+ Kh8 30. Ne5 R6b7 31. f5 Rc8 32. f6 Rbb8 33. Nf7+ Kh7 34. fxg7 1-0

[Event "98th Caplin Hastings Masters 2024-25"]
[Site "Hastings"]
[Date "2024.12.29"]
[Round "2.29"]
[White "Dewangan, Aayush"]
[Black "Bharat Kumar, Balahari"]
[Result "0-1"]
[ECO "B06"]
[WhiteElo "1878"]
[BlackElo "2063"]
[Annotator "NA RC"]
[PlyCount "98"]
[EventDate "2024.12.23"]
[EventType "swiss"]
[EventCountry "ENG"]
[SourceTitle "playchess.com"]
[Source "ChessBase"]
[SourceQuality "1"]
[TimeControl "5400+30"]

1. e4 g6 2. d4 Bg7 3. Nf3 d6 4. Bf4 a6 5. a4 b6 6. c3 Bb7 7. Bd3 Nd7 8. Qe2 e6 9. O-O Ne7 10. Nbd2 O-O 11. e5 Nd5 12. Bg3 dxe5 13. Nxe5 N7f6 14. Ndc4 Nh5 15. Qd2 Nxg3 16. hxg3 Rc8 17. b4 c5 18. bxc5 bxc5 19. Rab1 Ba8 20. Rfc1 Qe7 21. Rb3 Qa7 22. Be4 Rfd8 23. Bf3 cxd4 24. cxd4 Rb8 25. Rcb1 Rxb3 26. Rxb3 Qe7 27. Qb2 Qc7 28. Qa3 f6 29. Bg4 fxe5 30. Bxe6+ Kh8 31. Nd2 exd4 32. Nf3 h6 33. Nh4 Kh7 34. Rf3 Qe7 35. Bf7 Qxa3 36. Bxg6+ Kh8 37. Rxa3 Ne7 38. Bd3 a5 39. f4 Bf6 40. Kf2 Rb8 41. Bb5 Rc8 42. Ke2 Rc2+ 43. Kd3 Rc3+ 44. Rxc3 dxc3 45. Bc4 Nc6 46. Kc2 Nb4+ 47. Kc1 Be4 48. f5 Bg5+ 49. Kd1 c2+ 0-1

[Event "98th Caplin Hastings Masters 2024-25"]
[Site "Hastings"]
[Date "2024.12.29"]
[Round "2.30"]
[White "Abrahams, Daniel"]
[Black "Pick, Freddie"]
[Result "1/2-1/2"]
[ECO "E62"]
[WhiteElo "2072"]
[BlackElo "1874"]
[Annotator "NA RC"]
[PlyCount "104"]
[EventDate "2024.12.23"]
[EventType "swiss"]
[EventCountry "ENG"]
[SourceTitle "playchess.com"]
[Source "ChessBase"]
[SourceQuality "1"]
[TimeControl "5400+30"]

1. d4 Nf6 2. c4 g6 3. Nf3 Bg7 4. g3 O-O 5. Bg2 d6 6. O-O Nc6 7. Nc3 e5 8. d5 Ne7 9. e4 Nd7 10. b4 a5 11. Ba3 b6 12. bxa5 Rxa5 13. Bb4 Ra8 14. a4 Nc5 15. Qc2 f5 16. Bxc5 bxc5 17. Ng5 Nc6 18. dxc6 Qxg5 19. Nd5 Rf7 20. Rfb1 Be6 21. a5 Bxd5 22. cxd5 fxe4 23. Bxe4 Bh6 24. a6 Qe7 25. a7 Rff8 26. Rb7 Qf7 27. Rab1 Kg7 28. Qe2 c4 29. Rf1 c3 30. Qg4 Be3 31. Qd7 Bb6 32. Rb1 Qxd7 33. cxd7 Rfd8 34. Rb3 Kf6 35. Bd3 Ke7 36. Bb5 Rxa7 37. Rxa7 Bxa7 38. Rxc3 Bc5 39. Rf3 Ra8 40. Bc6 Rb8 41. Kg2 h6 42. g4 g5 43. Rf5 e4 44. h4 Rg8 45. hxg5 hxg5 46. Kf1 e3 47. f4 Rb8 48. fxg5 Rb2 49. d8=Q+ Kxd8 50. Rf8+ Ke7 51. Re8+ Kf7 52. Re6 e2+ 1/2-1/2

[Event "98th Caplin Hastings Masters 2024-25"]
[Site "Hastings"]
[Date "2024.12.29"]
[Round "2.31"]
[White "Rubeck, Jonathan"]
[Black "Burrows, Martin P"]
[Result "0-1"]
[ECO "B23"]
[WhiteElo "1824"]
[BlackElo "2042"]
[Annotator "NA RC"]
[PlyCount "108"]
[EventDate "2024.12.23"]
[EventType "swiss"]
[EventCountry "ENG"]
[SourceTitle "playchess.com"]
[Source "ChessBase"]
[SourceQuality "1"]
[TimeControl "5400+30"]

1. e4 c5 2. Nc3 Nc6 3. f4 g6 4. Nf3 Bg7 5. Bc4 e6 6. O-O Nge7 7. d3 d5 8. Bb3 O-O 9. Qe1 Na5 10. Bd2 Nxb3 11. axb3 Nc6 12. Rc1 b6 13. Qg3 dxe4 14. dxe4 Nd4 15. Nxd4 cxd4 16. Nd1 Bb7 17. Nf2 Qd7 18. Rfe1 Rfe8 19. e5 f5 20. exf6 Bxf6 21. Ng4 Bg7 22. Ne5 Qd5 23. Rcd1 Rad8 24. Bc1 Qc5 25. Qf2 Rd5 26. Nd3 Qc8 27. Ne5 Rf8 28. Qe2 Rc5 29. c4 dxc3 30. Nd7 Bd5 31. Nxc5 Qxc5+ 32. Be3 Qe7 33. bxc3 Bxc3 34. Rf1 Bxb3 35. Rc1 Bg7 36. Qa6 Bd5 37. Rc8 Qb4 38. Rxf8+ Bxf8 39. Qxa7 Qe4 40. Rf3 Qb1+ 41. Rf1 Qc2 42. Rf2 Qd1+ 43. Rf1 Qe2 44. Rf2 Qe1+ 45. Rf1 Qxe3+ 46. Kh1 Qe4 47. Rg1 Bc5 48. Qb8+ Kg7 49. Qd8 Qxf4 50. Ra1 Bxg2+ 51. Kxg2 Qf2+ 52. Kh3 Qf3+ 53. Kh4 Bf2+ 54. Kg5 Qf5# 0-1

[Event "98th Caplin Hastings Masters 2024-25"]
[Site "Hastings"]
[Date "2024.12.29"]
[Round "2.32"]
[White "Byron, Alan M"]
[Black "Chapman, Luke"]
[Result "1-0"]
[ECO "B30"]
[WhiteElo "2069"]
[BlackElo "1706"]
[Annotator "NA RC"]
[PlyCount "39"]
[EventDate "2024.12.23"]
[EventType "swiss"]
[EventCountry "ENG"]
[SourceTitle "playchess.com"]
[Source "ChessBase"]
[SourceQuality "1"]
[TimeControl "5400+30"]

1. e4 c5 2. Nf3 Nc6 3. Bb5 Nf6 4. e5 Ng4 5. Bxc6 dxc6 6. O-O g6 7. h3 Nh6 8. Qe2 Bg7 9. c3 O-O 10. d4 cxd4 11. cxd4 f6 12. Nc3 Nf7 13. e6 Nd6 14. Bf4 f5 15. Be5 Bxe6 16. Bxg7 Bc4 17. Qe5 Nf7 18. Qc5 Kxg7 19. Qxc4 Nd6 20. Qe2 1-0

[Event "98th Caplin Hastings Masters 2024-25"]
[Site "Hastings"]
[Date "2024.12.29"]
[Round "2.33"]
[White "Kim, Yegeon"]
[Black "Verbytski, Oleg"]
[Result "0-1"]
[ECO "B52"]
[WhiteElo "1697"]
[BlackElo "2033"]
[Annotator "NA RC"]
[PlyCount "100"]
[EventDate "2024.12.23"]
[EventType "swiss"]
[EventCountry "ENG"]
[SourceTitle "playchess.com"]
[Source "ChessBase"]
[SourceQuality "1"]
[TimeControl "5400+30"]

1. e4 c5 2. Nf3 d6 3. Bb5+ Bd7 4. Bxd7+ Qxd7 5. c4 g6 6. Nc3 Bg7 7. d4 cxd4 8. Nxd4 Nc6 9. Be3 Nf6 10. f3 O-O 11. O-O Rac8 12. b3 a6 13. Qd3 Rb8 14. Rac1 Nxd4 15. Bxd4 b5 16. Bxf6 bxc4 17. Qxc4 Qa7+ 18. Kh1 Rfc8 19. Qd3 Bxf6 20. Nd5 Bg7 21. Rc4 Rxc4 22. Qxc4 a5 23. Rc1 e6 24. Nc3 Qe3 25. Ne2 d5 26. exd5 exd5 27. Qf4 Qxf4 28. Nxf4 Bh6 29. g3 Rd8 30. Rd1 Bxf4 31. gxf4 d4 32. Kg2 Kg7 33. f5 g5 34. Kg3 Kf6 35. a3 Kxf5 36. b4 axb4 37. axb4 h5 38. h4 f6 39. hxg5 fxg5 40. Kf2 h4 41. b5 Ke5 42. Rg1 Kf4 43. Rd1 d3 44. b6 g4 45. fxg4 h3 46. b7 h2 47. Rf1 d2 48. Kg2+ Ke3 49. Rb1 d1=Q 50. b8=Q h1=Q+ 0-1

[Event "98th Caplin Hastings Masters 2024-25"]
[Site "Hastings"]
[Date "2024.12.29"]
[Round "2.34"]
[White "Gorainow, Nikita"]
[Black "Nielsen, Andre"]
[Result "1/2-1/2"]
[ECO "B10"]
[WhiteElo "2045"]
[BlackElo "2276"]
[Annotator "RC"]
[PlyCount "114"]
[EventDate "2024.12.23"]
[EventType "swiss"]
[EventCountry "ENG"]
[SourceTitle "playchess.com"]
[Source "ChessBase"]
[SourceQuality "1"]
[TimeControl "5400+30"]

1. e4 c6 2. Nf3 d5 3. Nc3 dxe4 4. Nxe4 Nf6 5. Qe2 Na6 6. d4 Qd5 7. Nxf6+ gxf6 8. Bd2 Bg4 9. c4 Qh5 10. O-O-O O-O-O 11. Bc3 Bh6+ 12. Kb1 e5 13. h3 Bxf3 14. Qxf3 Qxf3 15. gxf3 exd4 16. Rxd4 Rxd4 17. Bxd4 Rd8 18. Be3 Bxe3 19. fxe3 Nb4 20. Be2 Re8 21. e4 Rd8 22. a3 Nd3 23. Bxd3 Rxd3 24. Rf1 Re3 25. Kc1 a5 26. a4 Re2 27. Rg1 Rh2 28. Rg7 Rxh3 29. Rxf7 Rxf3 30. Rxh7 Rf4 31. Re7 f5 32. exf5 Rxc4+ 33. Kd2 Rf4 34. b3 Rxf5 35. Kc3 Rc5+ 36. Kb2 Kb8 37. Rh7 Ka7 38. Rg7 Ka6 39. Rg4 Rh5 40. Rf4 Kb6 41. Rc4 Rg5 42. Kc3 Rc5 43. Kd4 Rxc4+ 44. bxc4 Kc7 45. Ke5 b6 46. Ke4 Kd7 47. Kd3 Ke7 48. Ke3 Ke6 49. Ke4 Kd6 50. Kd4 Kc7 51. Kc3 Kd8 52. Kd2 Ke7 53. Ke3 Kf6 54. Kf4 b5 55. axb5 cxb5 56. cxb5 Ke6 57. Ke4 Kd6 1/2-1/2

[Event "98th Caplin Hastings Masters 2024-25"]
[Site "Hastings"]
[Date "2024.12.29"]
[Round "2.35"]
[White "Kennedy, Craig"]
[Black "Rayner, Francis"]
[Result "1/2-1/2"]
[ECO "B20"]
[WhiteElo "1851"]
[BlackElo "2013"]
[Annotator "NA RC"]
[PlyCount "64"]
[EventDate "2024.12.23"]
[EventType "swiss"]
[EventCountry "ENG"]
[SourceTitle "playchess.com"]
[Source "ChessBase"]
[SourceQuality "1"]
[TimeControl "5400+30"]

1. e4 c5 2. Be2 Nc6 3. f4 g6 4. Nf3 Bg7 5. d3 d6 6. O-O e6 7. c3 Nge7 8. Be3 b6 9. d4 O-O 10. Na3 cxd4 11. cxd4 Bb7 12. Nc2 Rc8 13. b3 Qd7 14. Rc1 Rfe8 15. Qe1 Na5 16. Bd3 f5 17. e5 Nd5 18. Bd2 Nc6 19. Qe2 dxe5 20. dxe5 Red8 21. Bc4 Na5 22. Bb5 Qe7 23. b4 Nc6 24. a3 h6 25. g3 a5 26. Bxc6 Rxc6 27. bxa5 bxa5 28. Ncd4 Rc5 29. Rxc5 Qxc5 30. Rc1 Qb6 31. Qb5 Qxb5 32. Nxb5 Nxf4 1/2-1/2

[Event "98th Caplin Hastings Masters 2024-25"]
[Site "Hastings"]
[Date "2024.12.29"]
[Round "2.36"]
[White "Ruane, Brendan J"]
[Black "Gu In-Jung"]
[Result "0-1"]
[ECO "A00"]
[WhiteElo "1869"]
[BlackElo "1987"]
[Annotator "NA RC"]
[PlyCount "62"]
[EventDate "2024.12.23"]
[EventType "swiss"]
[EventCountry "ENG"]
[SourceTitle "playchess.com"]
[Source "ChessBase"]
[SourceQuality "1"]
[TimeControl "5400+30"]

1. Nc3 d5 2. e4 d4 3. Nce2 e5 4. Ng3 Be6 5. Nf3 Nd7 6. b3 h5 7. Bc4 Bxc4 8. bxc4 h4 9. Nf1 Bb4 10. Rb1 Qe7 11. Qe2 f6 12. h3 O-O-O 13. N1h2 g5 14. O-O Nh6 15. Ng4 d3 16. cxd3 Bc5 17. d4 exd4 18. d3 Nxg4 19. hxg4 Ne5 20. Nxe5 Qxe5 21. Qb2 b6 22. Qb5 Qe6 23. f3 h3 24. g3 h2+ 25. Kg2 h1=Q+ 26. Rxh1 Rxh1 27. Kxh1 Rh8+ 28. Kg2 Qe7 29. Qc6 Qh7 30. Qa8+ Kd7 31. Qd5+ Ke7 0-1

[Event "98th Caplin Hastings Masters 2024-25"]
[Site "Hastings"]
[Date "2024.12.29"]
[Round "2.37"]
[White "Jacobs, Simon"]
[Black "Rastogi, Nayan Keats"]
[Result "1/2-1/2"]
[ECO "B20"]
[WhiteElo "1756"]
[BlackElo "1892"]
[Annotator "NA RC"]
[PlyCount "57"]
[EventDate "2024.12.23"]
[EventType "swiss"]
[EventCountry "ENG"]
[SourceTitle "playchess.com"]
[Source "ChessBase"]
[SourceQuality "1"]
[TimeControl "5400+30"]

1. e4 c5 2. Be2 Nc6 3. d3 e6 4. f4 d5 5. Nf3 Bd6 6. O-O Nge7 7. c3 f6 8. Na3 a6 9. Nc2 O-O 10. Kh1 Qc7 11. g3 b6 12. Be3 Bb7 13. Nd2 b5 14. Bf3 a5 15. Qe2 b4 16. Nb3 Nd8 17. Nd2 Nf7 18. Rac1 Qd7 19. d4 bxc3 20. bxc3 Ba6 21. c4 Rfc8 22. e5 Bb8 23. exf6 gxf6 24. dxc5 Ba7 25. Bg2 Bxc5 26. Bxc5 Rxc5 27. Qg4+ Kh8 28. Nd4 f5 29. Qe2 1/2-1/2

[Event "98th Caplin Hastings Masters 2024-25"]
[Site "Hastings"]
[Date "2024.12.29"]
[Round "2.38"]
[White "Royal, Shreyas"]
[Black "Saunders, Aron"]
[Result "1-0"]
[ECO "B19"]
[WhiteElo "2522"]
[BlackElo "2106"]
[Annotator "TA"]
[PlyCount "51"]
[EventDate "2024.12.23"]
[EventType "swiss"]
[EventCountry "ENG"]
[SourceTitle "playchess.com"]
[Source "ChessBase"]
[SourceQuality "1"]
[TimeControl "5400+30"]

1. e4 c6 2. d4 d5 3. Nc3 dxe4 4. Nxe4 Bf5 5. Ng3 Bg6 6. h4 h6 7. Nf3 Nd7 8. Bd3 Bxd3 9. Qxd3 e6 10. Bf4 Qa5+ 11. Bd2 Bb4 12. c3 Be7 13. c4 Qc7 14. Nh5 g6 15. Ng7+ Kf8 {[%emt 0:01:56] [#]} 16. Nxe6+ $1 fxe6 17. Qxg6 Bf6 ({Black should try} 17... Ndf6 $1 $14) 18. O-O-O c5 19. Rh3 {[%emt 0:11:17] White is much more active. The black rooks are passive.} ({White should try} 19. Rhe1 $1 $16 cxd4 20. Nxd4 Qxc4+ (20... Bxd4 $2 21. Bb4+ Nc5 22. Rxd4 $18) 21. Bc3) 19... cxd4 $2 (19... a5 $1 $11) 20. Bb4+ $1 $18 Ne7 21. Nxd4 $40 {[%emt 0:00:35][%cal Rd4e6][%mdl 128] White is out for blood.} Qxc4+ {[%emt 0:08:04] [#]} (21... Qf4+ $2 22. Re3 Bxd4 23. Rxd4 $18 (23. Qxe6 $2 Bxe3+ 24. fxe3 Qf7 $19)) 22. Rc3 $1 Qd5 $2 ({Weaker is} 22... Qxb4 23. Nxe6#) (22... Qxa2 23. b3 (23. Rc7 Qa1+ 24. Kc2 Qa4+ 25. b3 Qa2+ 26. Kc1 Qa1+ 27. Kc2 Qa2+ 28. Kc1 Qa1+ 29. Kc2 Qa2+ $11) 23... Qa1+ (23... Bxh4 24. Nxe6#) 24. Kc2 Qa2+ 25. Kc1) 23. Rf3 Rc8+ {[%emt 0:11:12] [#]} 24. Kb1 $1 (24. Nc2 Qe5 (24... Rxc2+ $2 25. Kxc2 Qe5 26. Rxd7 $18) 25. Rxd7 Qxb2+ 26. Kd2 Rxc2+ 27. Qxc2 (27. Kd3 $2 Rd2+ 28. Bxd2 Nxg6 $19) 27... Qxb4+ 28. Kd1 Ke8 (28... Qxh4 29. Qb3 $11) 29. Rxe7+ Kxe7 $11 (29... Bxe7 $2 {perishes.} 30. Qc8+ Bd8 31. Qxe6+ Qe7 32. Qg6+ Kd7 33. Rf7 $18)) 24... Qe5 25. Re3 Nc5 26. Bxc5 1-0

[Event "98th Caplin Hastings Masters 2024-25"]
[Site "Hastings"]
[Date "2024.12.29"]
[Round "2.39"]
[White "White, Stuart A"]
[Black "Buckland, Louis"]
[Result "1-0"]
[ECO "A10"]
[WhiteElo "2017"]
[BlackElo "1856"]
[Annotator "NA RC"]
[PlyCount "33"]
[EventDate "2024.12.23"]
[EventType "swiss"]
[EventCountry "ENG"]
[SourceTitle "playchess.com"]
[Source "ChessBase"]
[SourceQuality "1"]
[TimeControl "5400+30"]

1. c4 b6 2. d4 Bb7 3. Nc3 e6 4. a3 f5 5. d5 Bd6 6. Nf3 Nf6 7. g3 Qe7 8. Bg2 O-O 9. O-O c6 10. Bg5 Bc7 11. Re1 cxd5 12. cxd5 Na6 13. b4 Rac8 14. Qb3 Bb8 15. Nd4 Kh8 16. d6 Qxd6 17. Ndb5 1-0